 Dungeon Crawl Stone Soup version 0.27-a0-1332-g84bddb5ca7 (webtiles) character file.

Game seed: 16596403581592605015

25 bilbop the Caller (level 2, -2/16 HPs)
             Began as a Deep Elf Summoner on June 25, 2021.
             Slain by Natasha (9 damage)
             ... on level 2 of the Dungeon.
             The game lasted 00:05:22 (1376 turns).

bilbop the Caller (Deep Elf Summoner)               Turns: 1376, Time: 00:05:23

Health: -2/16      AC:  2    Str:  5    XL:     2   Next: 82%
Magic:  6/8        EV: 13    Int: 19    God:
Gold:   48         SH:  0    Dex: 15    Spells: 6/7 levels left

rFire    . . .     SeeInvis .   a - +2 dagger (elec)
rCold    . . .     Faith    .   (no shield)
rNeg     . . .     Spirit   .   b - +0 robe
rPois    .         Reflect  .   (no helmet)
rElec    .         Harm     .   (no cloak)
rCorr    .         Rampage  .   (no gloves)
Will     .....                  (no boots)
Stlth    ++........             (no amulet)
HPRegen  0.05/turn              (no ring)
MPRegen  0.11/turn              (no ring)

@: no status effects
A: no striking features
a: no special abilities


You were on level 2 of the Dungeon.
You visited 1 branch of the dungeon, and saw 2 of its levels.

You collected 48 gold pieces.

Inventory:

Hand Weapons
 a - a +2 dagger of electrocution (weapon)
Armour
 b - a +0 robe (worn)
Scrolls
 c - 2 scrolls of identify {unknown}
 d - a scroll of brand weapon {unknown}
Potions
 e - a potion of heal wounds {unknown}


   Skills:
 + Level 0.6 Fighting
 + Level 0.5 Short Blades
 + Level 2.9 Dodging
 + Level 2.7 Stealth
 + Level 3.3 Spellcasting
 + Level 4.5 Summonings


You had 6 spell levels left.
You knew the following spells:

 Your Spells              Type           Power      Damage    Failure   Level
a - Summon Small Mammal   Summ           80%        N/A       2%          1

Your spell library contained the following spells:

 Spells                   Type           Power      Damage    Failure   Level
 Call Imp                 Summ           20%        N/A       3%          2
 Call Canine Familiar     Summ           20%        N/A       7%          3
 Corona                   Hex            3%         N/A       14%         1
 Summon Guardian Golem    Hex/Summ       11%        N/A       17%         3
 Ensorcelled Hibernation  Hex/Ice        6%         N/A       22%         2
 Confusing Touch          Hex            3%         N/A       41%         3
 Dazzling Flash           Conj/Hex       6%         N/A       41%         3
 Gell's Gravitas          Tloc           1%         N/A       41%         3
 Tukima's Dance           Hex            3%         N/A       41%         3
 Summon Ice Beast         Ice/Summ       11%        N/A       50%         4
 Summon Lightning Spire   Summ/Air       11%        N/A       50%         4
 Petrify                  Tmut/Erth      3%         N/A       82%         4
 Bolt of Magma            Conj/Fire/Erth 1%         4d4       99%         5
 Iskenderun's Battlesphe  Conj           3%         2d6       99%         5
 Metabolic Englaciation   Hex/Ice        1%         N/A       99%         5
 Yara's Violent Unravell  Hex/Tmut       1%         3d3       99%         5
 Iron Shot                Conj/Erth      1%         9d1       100%        6
 Orb of Destruction       Conj           1%         N/A       100%        7
 Spellforged Servitor     Conj/Summ      5%         N/A       100%        7


Dungeon Overview and Level Annotations

Branches:
Dungeon (2/15)

Altars:

Annotations:
D:2 Natasha


Message History

What are your orders? t - Shout!
Orders for allies: a - Attack new target. r - Retreat! s - Stop attacking. g - Guard the area. f - Follow me.
Anything else - Cancel.
Gang up on whom?
Press: ? - help, Dir - move target, f - dart slug
Aim: a dart slug Attack!
Your quokka disappears in a puff of smoke!
Your quokka bites the dart slug.
Your quokka completely misses the dart slug.
Your quokka bites the dart slug.
The dart slug closely misses your quokka.
Your quokka bites the dart slug.
The dart slug dies!
Your quokka disappears in a puff of smoke!
Found 21 stones.
You see here a dart slug corpse.
You see here 21 stones.
You open the door.
A bat and Natasha come into view.
Found 11 gold pieces and a short sword.
There is an open door here.
Natasha closely misses you.
You barely miss Natasha. The bat closely misses you.
Natasha casts a spell.
The bat completely misses you. Natasha casts a spell at you.
The magic dart hits you!
Ouch! That really hurt!
The bat hits you.
Your quokka bites the bat.
The bat dies!
You are too injured to fight recklessly!
Casting: Summon Small Mammal (safe; 2% risk of failure)
Confirm with . or Enter, or press ? or * to list all spells.
Natasha claws you!
Ouch! That really hurt!
You die...

##...##
##.....##
##.......##
#..)......#
+.........+
#.........#
#..b5...#
##.rh..##
##.@.## ##'##
#.# #.# ##.##
. ##...## ..
#.....#####.#
#.
##...#......#
..
##.##.######


You could see Natasha (ally target), a shadow imp (summoned, ally target), a
friendly quokka (summoned) and a friendly bat (summoned).

Vanquished Creatures
  A jackal (D:1)
  A kobold (D:1)
  A rat (D:1)
3 creatures vanquished.

Vanquished Creatures (collateral kills)
  A gnoll (D:1)
  A dart slug (D:2)
  2 ball pythons (D:1)
  4 bats
  3 endoplasms (D:1)
  3 hobgoblins (D:1)
  3 jackals (D:1)
  3 rats
20 creatures vanquished.

Grand Total: 23 creatures vanquished

Notes
Turn   | Place    | Note
-------+----------+-------------------------------------------
     0 | D:1      | bilbop the Deep Elf Summoner began the quest for the Orb.
     0 | D:1      | Reached XP level 1. HP: 10/10 MP: 6/6
   123 | D:1      | Found a faded altar of an unknown god.
   356 | D:1      | Reached XP level 2. HP: 16/16 MP: 2/8
  1367 | D:2      | Noticed Natasha
  1376 | D:2      | Slain by Natasha

Illustrated notes

Levels and vault maps discovered:
D:1:      wheals_arrival_shading, layout_basic, ebering_ecumenical_altar_box
D:2:      layout_loops_corners, uniq_natasha, uniq_sigmund

Action                   || total
-------------------------++-------
Melee: Dagger            ||    17
 Cast: Summon Small Mamm ||    26
Armor: Robe              ||     2
Dodge: Dodged            ||    16

Table legend: (Time is in decaauts)
 A = Elapsed time spent in this place.
 B = Non-inter-level travel time spent in this place.
 C = Inter-level travel time spent in this place.
 D = Time resting spent in this place.
 E = Time spent auto-exploring this place.
 F = Levels seen in this place.
 G = Mean time per level.
                   A        B        C        D        E       F      G
               +--------+--------+--------+--------+--------+-----+--------+
         Total |   1374 |   1289 |     85 |      0 |   1132 |   2 |  687.0 |
       Dungeon |   1374 |   1289 |     85 |      0 |   1132 |   2 |  687.0 |
               +--------+--------+--------+--------+--------+-----+--------+

Top non-repeatable levels by time:
     D:1: 1279 daAuts
     D:2: 95 daAuts
